 Adventure DCSS version bcrawl-1.32 (webtiles) character file.

Game seed: 7561975928993229852

142162 Leeroy the Carver (level 6, 35/35 HPs)
             Began as a Skeleton Skald on Aug 3, 2021.
             Was an Initiate of Gozag.
             Quit the game on level 6 of the Dungeon.
             The game lasted 00:09:18 (5342 turns).

Leeroy the Carver (Skeleton Skald)                  Turns: 5342, Time: 00:09:19

Health: 35/35      AC:  5    Str: 17    XL:     6   Next: 96%
Magic:  10/10      EV: 11    Int: 12    God:    Gozag
Gold:   253        SH:  2    Dex: 10    Spells: 3/11 levels left
                                        Lives:  1   Deaths: 1

rFire    . . .     SeeInvis .   a - +0 long sword
rCold    + . .     Gourm    .   (no shield)
rNeg     + + +     Faith    .   j - +0 ring mail
rPois    ∞         Spirit   +   (no helmet)
rElec    .         Reflect  .   (no cloak)
rCorr    .         Harm     .   (no gloves)
MR       .....                  (no boots)
Stlth    +.........             (no amulet)
HPRegen  0.11/turn              k - ring of wizardry
MPRegen  0.12/turn              (no ring)

@: no status effects
A: no food or potions, cold resistance 1, deterioration 1, negative energy
resistance 3, powered by death 1, torment resistance, unbreathing, magic shield,
sturdy frame 1, spell healing
a: Potion Petition, Call Merchant, Bribe Branch, Renounce Religion


You were on level 6 of the Dungeon.
You worshipped Gozag.
Gozag was aware of your devotion.
You were not hungry.

You visited 1 branch of the dungeon, and saw 6 of its levels.

You collected 522 gold pieces.
You paid 269 gold pieces to Gozag.

Inventory:

Hand Weapons
 a - a +0 long sword (weapon)
 l - a +1 hand axe of freezing
 n - a +1 short sword of speed
 q - a +1 hand axe of venom
 r - a +0 giant club
Missiles
 m - 206 poisoned tomahawks (quivered)
Armour
 b - a +0 leather armour
 j - a +0 ring mail (worn)
Jewellery
 k - a ring of wizardry (left hand)
 o - the ring "Ceppetha" {rPois rC- rN+ Stlth--}
   (You found it on level 3 of the Dungeon)

   [ring of attention]

   It makes you vulnerable to cold.
   It protects you from poison.
   It protects you from negative energy.
   It makes you much less stealthy.
Wands
 t - a wand of polymorph (9)
Scrolls
 c - 3 scrolls of blinking
 d - a scroll of fear
 e - 3 scrolls of fog {unknown}
 f - 6 scrolls of remove curse
 g - 4 scrolls of magic mapping {unknown}
 h - 2 scrolls of teleportation
 i - a scroll of identify
 p - a scroll of enchant weapon {unknown}
 s - 2 scrolls of enchant armour {unknown}


   Skills:
 - Level 2.0 Fighting
 + Level 11.1 Long Blades
 - Level 1.1 Armour
 - Level 2.0 Dodging
 - Level 3.0 Spellcasting
 - Level 0.2 Hexes
 - Level 3.2 Charms


You had 3 spell levels left.
You knew the following spells:

 Your Spells              Type           Power        Failure   Level  Hunger
a - Infusion              Chrm           #.......     3%          1    N/A
b - Spectral Weapon       Hex/Chrm       #.......     19%         3    N/A
c - Swiftness             Chrm/Air       #.......     11%         2    N/A
d - Song of Slaying       Chrm           #.......     5%          2    N/A

Your spell library contained the following spells:

 Spells                   Type           Power        Failure   Level  Hunger
 Ozocubu's Armour         Chrm/Ice       #.......     21%         3    N/A
 Regeneration             Chrm/Necr      Unusable     N/A         3    N/A

Dungeon Overview and Level Annotations

Branches:
Dungeon (6/12)             Temple (0/1) D:5

Altars:
Gozag
Nemelex Xobeh
Yredelemnul
The Shining One

Annotations:
D:3 1 runed door
D:6 Prince Ribbit


Innate Abilities, Weirdness & Mutations

You do not eat or drink.
You are immune to poison.
Your flesh is cold resistant. (rC+)
Your body sometimes deteriorates upon taking damage.
You are immune to negative energy. (rN+++)
You regenerate a little health from kills.
You are immune to unholy pain and torment.
You can survive without breathing.
When hurt, damage is shared between your health and your magic reserves.
Your movements are slightly less encumbered by armour. (ER -2)
Casting spells heals you.


Message History

Your body deteriorates!
You feel weakened.
You closely miss Prince Ribbit.
Prince Ribbit is lightly wounded.
Your spectral weapon hits Prince Ribbit!
Prince Ribbit hits you!
You miss Prince Ribbit.
Prince Ribbit is moderately wounded.
Your spectral weapon hits Prince Ribbit.
Prince Ribbit hits you!
* * * LOW HITPOINT WARNING * * *
You barely miss Prince Ribbit.
Prince Ribbit is moderately wounded.
Your spectral weapon closely misses Prince Ribbit.
Prince Ribbit hits you!
You die...
You block Prince Ribbit's attack.
Xom reaches out...
You are now level 6!
You rejoin the land of the living...
Are you sure you want to abandon this character and quit the game? (Confirm with "yes".)

...### .....# ..##^#
#.##.### #.##...##
#....#..####
####.##....############
#..####............#
##...........@.....#
######.......!....#
###..........#
#...<).<)..#
#<).)......#
#..........#
#..........#
############


There were no monsters in sight!

Vanquished Creatures
  Grinder (D:3)
  An orc warrior (D:5)
  2 ogres
  2 centaurs
  3 crimson imps
  A hound (D:5)
  An orc priest (D:6)
  An orc wizard (D:5)
  An iguana (D:6)
  6 adders
  An adder skeleton (D:4)
  2 adder zombies (D:5)
  2 worms (D:3)
  3 dart slugs
  4 leopard geckos
  25 orcs
  4 giant cockroaches
  8 goblins
  6 hobgoblins (D:1)
  3 quokkas
  2 bats (D:1)
  9 kobolds
  3 rats (D:1)
91 creatures vanquished.

Vanquished Creatures (others)
  2 spectral weapons (D:5)
2 creatures vanquished.

Grand Total: 93 creatures vanquished

Notes
Turn   | Place    | Note
-------+----------+-------------------------------------------
     0 | D:1      | Leeroy the Skeleton Skald began the quest for the Orb.
     0 | D:1      | Reached XP level 1. HP: 12/12 MP: 4/4
   138 | D:1      | Reached skill level 3 in Long Blades
   207 | D:1      | Reached XP level 2. HP: 16/17 MP: 4/6
   707 | D:1      | Reached skill level 4 in Long Blades
  1322 | D:2      | Reached XP level 3. HP: 21/21 MP: 5/7
  2112 | D:2      | Reached skill level 5 in Long Blades
  2352 | D:3      | Reached XP level 4. HP: 17/26 MP: 2/8
  2356 | D:3      | Learned a level 3 spell: Spectral Weapon
  2359 | D:3      | Learned a level 2 spell: Swiftness
  2362 | D:3      | Learned a level 2 spell: Song of Slaying
  2414 | D:3      | Noticed Grinder
  2415 | D:3      | Paralysed by Grinder for 2 turns
  2431 | D:3      | Killed Grinder
  2432 | D:3      | Reached skill level 7 in Long Blades
  2432 | D:3      | Reached XP level 5. HP: 23/30 MP: 4/9
  2432 | D:3      | Gained mutation: You regenerate a little health from kills.
                  | [Skeleton growth]
  2432 | D:3      | Reached XP level 6. HP: 27/35 MP: 4/10
  2553 | D:3      | Found a glowing golden altar of the Shining One.
  2553 | D:3      | Found a runed door.
  2553 | D:3      | Noticed an angel
  2881 | D:3      | Got a shimmering bone ring
  2882 | D:3      | Identified the ring "Ceppetha" {rPois rC- rN+ Stlth--} (You
                  | found it on level 3 of the Dungeon)
  3174 | D:3      | Found a basalt altar of Yredelemnul.
  3179 | D:3      | Found an opulent altar of Gozag.
  3239 | D:3      | Became a worshipper of Gozag Ym Sagoz the Greedy
  3599 | D:4      | HP: 1/35 [ogre/+0 giant club (16)]
  3608 | D:4      | Reached skill level 8 in Long Blades
  3812 | D:4      | Found a sparkling altar of Nemelex Xobeh.
  4009 | D:5      | Entered Level 5 of the Dungeon
  4039 | D:5      | Found a staircase to the Ecumenical Temple.
  4200 | D:5      | Reached skill level 9 in Long Blades
  4259 | D:5      | Noticed a troll
  4262 | D:6      | Noticed an orc warrior
  4578 | D:5      | Reached XP level 7. HP: 5/40 MP: 0/11
  4920 | D:5      | Reached skill level 10 in Long Blades
  5300 | D:6      | Reached skill level 11 in Long Blades
  5306 | D:6      | Noticed Prince Ribbit
  5341 | D:6      | Slain by Prince Ribbit
  5342 | D:6      | Reached XP level 6. HP: -3/35 MP: 0/10
  5342 | D:6      | Quit the game

Skill      XL: |  1  2  3  4  5  6  7 |
---------------+----------------------+-----
Long Blades    | 3 4 5 7 9 11 | 11.1
Fighting       | |  2.0
Armour         | |  1.1
Dodging        | |  2.0
Spellcasting   | |  3.0
Hexes          | |  0.2
Charms         | |  3.2

Action                   |  1- 3 |  4- 6 |  7- 9 || total
-------------------------+-------+-------+-------++-------
Melee: Long sword        |   164 |    97 |    66 ||   327
 Cast: Infusion          |     3 |       |       ||     3
       Spectral Weapon   |       |    14 |     6 ||    20
Invok: Potion Petition   |       |     1 |     1 ||     2
  Use: Scroll            |     3 |     1 |       ||     4
 Stab: Distracted        |       |       |     1 ||     1
Armor: Leather armour    |    20 |       |       ||    20
       Ring mail         |    10 |    19 |    21 ||    50
Dodge: Dodged            |    93 |    64 |    29 ||   186
Block: Other             |       |     4 |     3 ||     7
